 Dungeon Crawl Stone Soup version 0.19.1 (webtiles) character file.

56 KingBobo974 the Shooter (level 3, -1/30 HPs)
             Began as a Centaur Hunter on Dec 10, 2016.
             Slain by a goblin (3 damage)
             ... led by Robin
             ... on level 2 of the Dungeon.
             The game lasted 00:04:36 (1071 turns).

KingBobo974 the Shooter (Centaur Hunter)            Turns: 1071, Time: 00:04:37

Health: -1/30      AC:  6    Str: 14    XL:     3   Next: 71%
Magic:  3/3        EV:  8    Int: 11    God:
Gold:   98         SH:  0    Dex:  9    Spells: 0 memorised, 2 levels left

rFire  . . .     SeeInvis .     a - +1 shortbow
rCold  . . .     Gourm    .     n - +1 ring mail
rNeg   . . .     Faith    .     (shield currently unavailable)
rPois  .         Spirit   .     (no helmet)
rElec  .         Reflect  .     (no cloak)
rCorr  .         Harm     .     (no gloves)
MR     .....                    (no barding)
Stlth  ..........               (no amulet)
                                (no ring)
                                (no ring)

@: lethally poisoned (-1 -> -23), very quick
A: hooves 3, deformed body, speed 2, tough skin 3
a: no special abilities


You were on level 2 of the Dungeon.
You were not hungry.

You visited 1 branch of the dungeon, and saw 2 of its levels.

You collected 98 gold pieces.

Inventory:

Hand Weapons
 a - a +1 shortbow (weapon)
 b - a +0 short sword
Missiles
 d - 53 arrows (quivered)
Armour
 c - a +0 leather armour
 j - a +0 buckler
 n - a +1 ring mail (worn)
Scrolls
 g - a scroll of identify
 p - a scroll of noise {unknown}
Potions
 e - a potion of cure mutation
 i - a potion of flight
 k - a potion of brilliance {unknown}
 l - a potion of degeneration {unknown}
Comestibles
 f - 4 bread rations
 h - 9 fruits
 m - a beef jerky
 o - 3 meat rations


   Skills:
 + Level 2.6 Fighting
 * Level 6.5 Bows
 - Level 0.1 Armour
 + Level 1.6 Dodging
 - Level 0.4 Stealth


You had 2 spell levels left.
You didn't know any spells.

Dungeon Overview and Level Annotations

Branches:
Dungeon (2/15)

Altars:


Innate Abilities, Weirdness & Mutations

You have hooves in place of feet.
Armour fits poorly on your strangely shaped body.
You cover ground very quickly.
You have extremely tough skin. (AC +3)


Message History

The goblin hits you but does no damage. x2
You are too injured to fight recklessly!
Firing (i - inventory):
d - 55 arrows (quivered)
Press: ? - help, Shift-Dir - straight line, f/p - Robin
Aim: Robin, wielding a whip of venom, wearing an animal skin and wearing a helmet (lightly wounded)
You shoot an arrow. The arrow hits Robin!
Robin is heavily wounded.
* * * LOW HITPOINT WARNING * * *
You feel sick.
Robin roars a battlecry!
The goblins go into a battle-frenzy!
The goblin hits you but does no damage. The goblin misses you.
Firing (i - inventory):
d - 54 arrows (quivered)
Press: ? - help, Shift-Dir - straight line, f/p - Robin
Aim: Robin, wielding a whip of venom, wearing an animal skin and wearing a helmet (heavily wounded)
You shoot an arrow. The arrow hits Robin!
You kill Robin!
* * * LOW HITPOINT WARNING * * *
You feel sick. The goblin barely misses you. The goblin hits you.
You die...

.. ... ### .. .l.
... .. #g# #.. ..
#g# #.###### #(#
#.#..... #g#
#.#.###. #g#
####.#.###.
#@######(......##.
#gg....†.......##.
#.....##.......##.
#.............###.
#####......##..####
#.
......(....(##..#
###.
#########'#.##....
....
#.#.##.########
#.#.##.........


You could see 2 hobgoblins, 4 goblins and a frilled lizard.

Vanquished Creatures
  Robin (D:2)
  An adder (D:2)
  A worm (D:2)
  A leopard gecko (D:1)
  2 giant cockroaches
  4 goblins
  6 hobgoblins
  3 jackals (D:1)
  A bat (D:2)
  2 frilled lizards
  6 kobolds
  2 rats
30 creatures vanquished.

Notes
Turn   | Place    | Note
-------+----------+-------------------------------------------
     0 | D:1      | KingBobo974 the Centaur Hunter began the quest for the Orb.
     0 | D:1      | Reached XP level 1. HP: 17/17 MP: 1/1
   167 | D:1      | Reached XP level 2. HP: 20/24 MP: 2/2
   821 | D:2      | Reached skill level 6 in Bows
   991 | D:2      | Reached XP level 3. HP: 23/30 MP: 3/3
  1056 | D:2      | Noticed Robin
  1071 | D:2      | Killed Robin
  1071 | D:2      | Slain by a goblin

Skill      XL: |  1  2 |
---------------+-------+-----
Bows           | 6 |  6.5
Fighting       | |  2.6
Armour         | |  0.1
Dodging        | |  1.6
Stealth        | |  0.4

Action                   || total
-------------------------++-------
 Fire: Shortbow          ||    86
  Use: Scroll            ||     6
Armor: Leather armour    ||     2
       Ring mail         ||    23
Dodge: Dodged            ||    25
